cohdb
Replays
Latest Replays
All Replays
Popular Replays
Top Player Replays
Match Explorer
How It Works
Community
CoH3 Stats
Reddit
Sign in to upload your games and track your stats! →
Sign in with Steam
Match 42736774
Unlisted
Match 42736774
Overview
Messages
Build Orders
End
Kradschützen Motorcycle Team
Selects Battlefield Espionage Battlegroup
Panzergrenadier Squad
Panzergrenadier Squad
Panzergrenadier Squad
Construct Light Support Kompanie
Selects 250/3 Funkpanzerwagen
Fire Support Elements
MG34 Team
Flakvierling Half-track
Panzerjäger Mechanized Group
Panzergrenadier Squad
Selects Anti-Tank Incendiary Munitions
Pak 38 Anti-tank Gun Team
2.5-tonne Medical Truck
Selects Intel Disruption Beacon
Selects Plunder
Willaguy
FK9DD
0
0
Comments
sign in to comment!
No comments posted yet!